 Dungeon Crawl Stone Soup version 0.29-a0-375-g5102b3be25 (webtiles) character file.

Game seed: 4384550330510116148

92 purpskrrrp the Skirmisher (level 4, -3/35 HPs)
             Began as a Demonspawn Fighter on May 4, 2022.
             Was an Initiate of Nemelex Xobeh.
             Slain by an ogre
             ... wielding a +0 giant club
              (19 damage)
             ... on level 3 of the Dungeon.
             The game lasted 00:17:43 (1935 turns).

purpskrrrp the Skirmisher (Demonspawn Fighter)      Turns: 1935, Time: 00:17:43

Health: -3/35      AC: 12    Str: 17    XL:     4   Next: 35%
Magic:  4/4        EV:  9    Int: 15    God:    Nemelex Xobeh [......]
Gold:   179        SH:  5    Dex: 14    Spells: 3/3 levels left

rFire   x . .      SeeInvis .   h - +0 war axe (venom)
rCold   + . .      Faith    .   c - +0 buckler
rNeg    . . .      Spirit   .   b - +0 scale mail
rPois   .          Reflect  .   (no helmet)
rElec   .          Harm     .   (no cloak)
rCorr   .          Rampage  .   (no gloves)
Will    .....                   (no boots)
Stlth   ..........              (no amulet)
HPRegen 0.11/turn               o - +6 ring of intelligence
MPRegen 0.09/turn               q - ring of ice

@: sanguine armoured
A: foul stench 1, sanguine armour 1
a: Renounce Religion, Draw Escape, Draw Destruction, Draw Summoning


You were on level 3 of the Dungeon.
You worshipped Nemelex Xobeh.
Nemelex Xobeh was noncommittal.
You visited 1 branch of the dungeon, and saw 3 of its levels.

You collected 179 gold pieces.

Inventory:

Hand Weapons
 a - a +0 war axe
 h - a +0 war axe of venom (weapon)
Armour
 b - a +0 scale mail (worn)
 c - a +0 buckler (worn)
Jewellery
 o - a +6 ring of intelligence (left hand)
 q - a ring of ice (right hand)
Scrolls
 g - 2 scrolls of teleportation
Potions
 d - a potion of might
 e - a potion of resistance {unknown}
 f - a potion of heal wounds {unknown}
 i - a potion of curing {unknown}
 j - a potion of haste {unknown}
 k - a potion of cancellation
 m - a potion of attraction {unknown}


   Skills:
 + Level 3.4 Fighting
 + Level 3.1 Axes
 + Level 3.1 Armour
 + Level 0.3 Dodging
 + Level 3.1 Shields


You had 3 spell levels left.
You didn't know any spells.
Your spell library contained the following spells:

 Spells                   Type           Power      Damage    Failure   Level
 Freeze                   Ice            0%         1d3       75%         1
 Frozen Ramparts          Ice            0%         1d2       98%         3
 Hailstorm                Conj/Ice       0%         3d3       100%        4


Dungeon Overview and Level Annotations

Branches:
Dungeon (3/15)

Altars:
Fedhas
Nemelex Xobeh
The Shining One

Shops:
D:1 !


Innate Abilities, Weirdness & Mutations

You may rarely emit foul miasma when damaged in melee.
When seriously injured, your blood forms armour. (AC +6)


Message History

As you read the scroll labelled CUNGAD PIGADD, it crumbles to dust.
You hear a loud clanging noise!
It was a scroll of noise.
You hear a shout!
Unknown command.
As you read the scroll labelled JOHYUM TACZU, it crumbles to dust.
It is a scroll of identify.
k - a potion of cancellation
Found 17 stones.
You see here 17 stones.
Found a stone staircase leading up.
An endoplasm comes into view.
The endoplasm quivers.
The endoplasm hits you.
You hit the endoplasm.
The endoplasm is lightly wounded.
The endoplasm hits you but does no damage.
You hit the endoplasm but do no damage.
The endoplasm is lightly wounded.
The endoplasm barely misses you. The endoplasm freezes you.
You are frozen.
You resist.
You hit the endoplasm.
The endoplasm is almost dead.
The endoplasm jiggles.
You block the endoplasm's attack.
You hit the endoplasm.
You kill the endoplasm!
HP restored.
An ogre and a hobgoblin come into view.
The ogre shouts!
The hobgoblin shouts!
The ogre attacks as you move away!
The ogre hits you with a +0 giant club!!
Ouch! That really hurt!
Your blood congeals into armour.
The ogre attacks as you move away!
The ogre hits you with a +0 giant club!!
Ouch! That really hurt!
You die...
Your body disappears without a glow.

*,...,****,,,,,....,,.# *,*
*,...,* *#.#***#.###.####.*
**#.#** #.# ##..........* #.#
#.# #...g...#**,* ####.# #.#
#...##..# *,* .....#######.#
#...#*,.#**,*****
#.###........#
#...#*,,..,,,,,,, .##
#(######.####O..###..g.,,,,,,
.#
#.######....@........*..****,
.####.#<.......##........,,.*
*,
...##.#.####.#.##.#.####.#,,*
*,
##..#.....##.#.##.#.#***,#,,*
*,
###.###......#.##.#..,,,,,,,*
*,
#....P##..#..#.##.####**,*,**
*, ...⌠...#..#..#.##.# *,*,*
*, ..P....#..#..#.##.# *,*,**
** #_._._##........,,* *,,,,*


You could see an ogre and a hobgoblin.

Vanquished Creatures
  2 adders
  A dart slug (D:1)
  An orc (D:3)
  8 endoplasms
  6 giant cockroaches
  5 goblins
  5 hobgoblins
  7 jackals
  4 kobolds
  7 ball pythons
  3 bats
  3 frilled lizards
  12 rats
  A bush (D:3)
65 creatures vanquished.

Vanquished Creatures (others)
  2 plants (D:3)
2 creatures vanquished.

Grand Total: 67 creatures vanquished

Notes
Turn   | Place    | Note
-------+----------+-------------------------------------------
     0 | D:1      | purpskrrrp the Demonspawn Fighter began the quest for the
                  | Orb.
     0 | D:1      | Reached XP level 1. HP: 18/18 MP: 1/1
   172 | D:1      | Gained mutation: When seriously injured, your blood forms
                  | armour. (AC +6) [demonic ancestry]
   172 | D:1      | Reached XP level 2. HP: 22/24 MP: 2/2
   412 | D:1      | Reached XP level 3. HP: 28/29 MP: 3/3
   421 | D:1      | Found a faded altar of an unknown god.
   912 | D:1      | Found Eckit's Distillery.
  1424 | D:2      | Gained mutation: You may rarely emit foul miasma when
                  | damaged in melee. [demonic ancestry]
  1424 | D:2      | Reached XP level 4. HP: 35/35 MP: 4/4
  1796 | D:3      | Found a blossoming altar of Fedhas.
  1798 | D:3      | Found a sparkling altar of Nemelex Xobeh.
  1864 | D:3      | Became a worshipper of Nemelex Xobeh the Trickster
  1928 | D:3      | Noticed an ogre
  1935 | D:3      | Slain by an ogre

Illustrated notes

Levels and vault maps discovered:
D:1:      dpeg_arrival_oval, layout_basic, serial_shops, shop_statue,
          ebering_ecumenical_altar_sacrificial, minmay_rat_gold_closets
D:2:      layout_loops_ring, kennysheep_boxes
D:3:      layout_loops_ring, gammafunk_temple_overflow_forgotten

Skill      XL: |  1  2  3  4 |
---------------+-------------+-----
Axes           | 2 3 |  3.1
Shields        | 3 |  3.1
Armour         | 3 |  3.1
Fighting       | |  3.4
Dodging        | |  0.3

Action                   |  1- 3 |  4- 6 || total
-------------------------+-------+-------++-------
Melee: War axe           |   124 |    64 ||   188
  Use: Scroll            |     3 |     3 ||     6
Armor: Scale mail        |    70 |     9 ||    79
Dodge: Dodged            |    51 |    17 ||    68
Block: Buckler           |    35 |     6 ||    41

Table legend: (Time is in decaauts)
 A = Elapsed time spent in this place.
 B = Non-inter-level travel time spent in this place.
 C = Inter-level travel time spent in this place.
 D = Time resting spent in this place.
 E = Time spent auto-exploring this place.
 F = Levels seen in this place.
 G = Mean time per level.
                   A        B        C        D        E       F      G
               +--------+--------+--------+--------+--------+-----+--------+
         Total |   2012 |   1826 |    186 |      0 |   1057 |   3 |  670.7 |
       Dungeon |   2012 |   1826 |    186 |      0 |   1057 |   3 |  670.7 |
               +--------+--------+--------+--------+--------+-----+--------+

Top non-repeatable levels by time:
     D:1: 1032 daAuts
     D:2: 766 daAuts
     D:3: 213 daAuts
